Sharks vs Golden Knights

Created - 9 octobre 2023 at 19:22

Goals
1 2 3 T
Sharks 0 0 5 5
Golden Knights 1 1 0 2
Shots
1 2 3 T
Sharks 7 16 12 35
Golden Knights 20 10 8 38

GoalsPenalties
1st period
1. Golden Knights , Patrice Bergeron 5 (Chandler Stephenson 3, Jani Hakanpaa 3) at 19:35
Kyle Connor (GKV) for Goalie Interference (Minor) at 10:04
2nd period
2. Golden Knights , Chandler Stephenson 5 (Patrice Bergeron 7, Nick Suzuki 3) at 6:04
Chandler Stephenson (GKV) for Holding (Minor) at 19:08
3rd period
3. Sharks , Pavel Buchnevich 5 (Nick Schmaltz 5, Shane Pinto 2) at 3:38
4. Sharks , Alex Ovechkin 7 (Leon Draisaitl 9) at 5:51
5. Sharks , Trevor van Riemsdyk 1 (Jean-Gabriel Pageau 4, Andrei Vasilevskiy) at 10:16 (SH)
6. Sharks , Wyatt Johnston 1 (Andrei Kuzmenko 1, Alex Pietrangelo 8) at 11:45
7. Sharks , Jean-Gabriel Pageau 4 (Nick Schmaltz 6, John Carlson 3) at 16:39 (PP)
Tomas Nosek (SJ ) for High sticking (Minor) at 9:08
Colton Sissons (SJ ) for Roughing (Minor) at 14:11
Cale Makar (GKV) for Holding (Minor) at 15:23
Kyle Connor (GKV) for Roughing (Minor) at 15:49
Goalie Stats
Andrei Vasilevskiy (SJ ), 36 saves from 38 shots - (0,947), W, 6-8-0, 60:00 minutes
Darcy Kuemper (GKV), 30 saves from 35 shots - (0,857), L, 8-4-2, 60:00 minutes
3 StarsOfficial
1 - Trevor van Riemsdyk (SJ )
2 - Jean-Gabriel Pageau (SJ )
3 - Andrei Vasilevskiy (SJ )
Referees : Marc Joannette and Conor O'Donnell
Linesman : Greg Devorski and Jenni Heikkinen
Game Note
No Game Note
Finance
Level 1 -- Attendance: 4465 (74%) -- Ticket Income $446,500
Level 2 -- Attendance: 4069 (81%) -- Ticket Income $244,140
Level 3 -- Attendance: 2000 (100%) -- Ticket Income $70,000
Level 4 -- Attendance: 2293 (57%) -- Ticket Income $57,325
Luxury Box -- Attendance: 1000 (100%) -- Ticket Income $200,000
Game was played at the T-Mobile Arena.
Total Attendance: 13827 (77%)
Total Ticket Income: $1,017,965
Other Income: $305,390
Total Income: $1,323,355



Team Name Goals Shots Shots Attemp Shots Blocked PIM HIT PP PK FO%
Sharks 5356954181 / 4 (25%)054%
Golden Knights 23857148210 / 2 (0%)146%

Sharks
Player Name POS G A P +/- PIM HIT SHT SB MP PP MP PP SHT PK MP PK SHT FO% FOT GA TA
Alex OvechkinLW1012014022:143:1400:42050% 221
Alex PietrangeloD0111001028:343:5002:2400% 003
Andrei KuzmenkoLW/RW0111001010:352:1700:0000% 010
Colton SissonsC/RW0001211019:190:3001:220100% 100
Ivan ProvorovD000-1002120:181:4800:0000% 000
Jake McCabeD000-1010117:081:4600:4700% 001
Jean-Gabriel PageauC1121023014:161:3511:19140% 500
John CarlsonD011-1021121:393:5000:0000% 000
Leon DraisaitlC/LW0111028021:023:1410:00053% 3010
Mario FerraroD0002000115:050:0000:4700% 003
Nick SchmaltzC/RW022-1031016:562:2200:1000% 000
Pavel BuchnevichC/LW/RW101-1014017:142:5710:2500% 110
Shane PintoC011101108:110:0000:000100% 200
Tomas NosekC/LW0000220010:500:0300:0000% 001
Trevor LewisC/RW0000003010:210:0300:0000% 000
Trevor van RiemsdykD1014013117:200:0002:2420% 012
William KarlssonC000-1011016:470:3102:24155% 1100
Wyatt JohnstonC101100108:110:0000:0000% 000
Golden Knights
Player Name POS G A P +/- PIM HIT SHT SB MP PP MP PP SHT PK MP PK SHT FO% FOT GA TA
Cale MakarD0000212422:241:3901:5100% 021
Chandler StephensonC/LW1120227018:121:2501:580100% 100
Charlie McAvoyD000-2021223:541:3102:4300% 010
Daniel SprongLW/RW000-101108:320:0000:5300% 000
Dylan StromeC/LW000-1012012:470:0002:01050% 400
Ian ColeD0000010012:380:0000:4600% 020
Jaccob SlavinD0000022223:411:4002:4100% 000
Jani HakanpaaD0110012112:250:0000:3300% 000
Josh MorrisseyD000-2014224:571:3103:2000% 004
Kirby DachC/RW000-100108:200:0000:1500% 100
Kyle ConnorLW0000400021:221:4601:0000% 100
Michael BuntingLW000-1000010:250:0000:0000% 000
Mika ZibanejadC0000040122:331:4602:44043% 2820
Mitchell MarnerRW0000015118:211:4600:000100% 110
Nick SuzukiC/RW0110022115:461:2510:0000% 010
Patrice BergeronC/LW1121015016:410:0002:13050% 1601
Sam SteelC/LW000-100207:550:0000:0000% 000
Troy TerryRW000-2012011:501:2500:0000% 020

Sharks

5 vs 5 Forward
Line #Left WingCenterRight WingPHYDFOFWanted %Time %Time Play
1Alex OvechkinLeon DraisaitlColton Sissons1134135%17:33
2Pavel BuchnevichWilliam KarlssonNick Schmaltz1133129%14:24
3Tomas NosekJean-Gabriel PageauTrevor Lewis1222120%10:18
4Wyatt JohnstonShane PintoAndrei Kuzmenko122716%8:11
5 vs 5 Defense
Line #DefenseDefensePHYDFOFWanted %Time %Time Play
1Alex PietrangeloIvan Provorov1134039%19:36
2John CarlsonJake McCabe1133029%14:35
3Trevor van RiemsdykMario Ferraro1222128%14:18
4Alex PietrangeloJohn Carlson12294%1:57
Power Play Forward
Line #Left WingCenterRight WingPHYDFOFWanted %Time %Time Play
1Alex OvechkinLeon DraisaitlPavel Buchnevich1136559%3:19
2Andrei KuzmenkoJean-Gabriel PageauNick Schmaltz1133541%2:17
Power Play Defense
Line #DefenseDefensePHYDFOFWanted %Time %Time Play
1Alex PietrangeloJohn Carlson1136568%3:50
2Ivan ProvorovJake McCabe1133532%1:46
Penalty Kill 4 Players Forward
Line #CenterWingPHYDFOFWanted %Time %Time Play
1William KarlssonColton Sissons1316087%2:46
2Jean-Gabriel PageauPavel Buchnevich1314013%0:25
Penalty Kill 4 Players Defense
Line #DefenseDefensePHYDFOFWanted %Time %Time Play
1Alex PietrangeloTrevor van Riemsdyk1316075%2:24
2Mario FerraroJake McCabe1314025%0:47
Penalty Kill 3 Players
Line #WingPHYDFOFWanted %Time %Time PlayDefenseDefensePHYDFOFWanted %Time %Time Play
1William Karlsson140600%0:00 Alex PietrangeloTrevor van Riemsdyk140600%0:00
2Jean-Gabriel Pageau140400%0:00 Mario FerraroJake McCabe140400%0:00
4 vs 4 Forward
Line #CenterWingPHYDFOFWanted %Time %Time Play
1Leon DraisaitlAlex Ovechkin11360100%0:47
2William KarlssonPavel Buchnevich122400%0:00
4 vs 4 Defense
Line #DefensePHYDFOFWanted %Time %Time Play
1Alex PietrangeloJohn Carlson11360100%60% - 0:47
2Ivan ProvorovJake McCabe122400%40% - 0:00
Last Minutes Offensive
Left WingCenterRight WingDefenseDefense
Alex OvechkinLeon DraisaitlPavel BuchnevichAlex PietrangeloJohn Carlson
Last Minutes Defensive
Left WingCenterRight WingDefenseDefense
Pavel BuchnevichWilliam KarlssonColton SissonsAlex PietrangeloTrevor van Riemsdyk
Time
Total ForwardTotal DefenseLast Minutes OffensiveLast Minutes Defensive
60:00 60:00 0:000:00
Extra Forwards
Normal PowerPlayPenalty Kill
Jean-Gabriel Pageau, Nick Schmaltz, Colton SissonsJean-Gabriel Pageau, Nick SchmaltzJean-Gabriel Pageau
Extra Defensemen
Normal PowerPlayPenalty Kill
Jake McCabe, John Carlson, Mario FerraroJake McCabe, Jake McCabeJohn Carlson
Penalty Shots
Leon Draisaitl, Alex Ovechkin, Pavel Buchnevich, Alex Pietrangelo, Nick Schmaltz
Goalie
Andrei Vasilevskiy, Scott Wedgewood
Scratches
None

Golden Knights

5 vs 5 Forward
Line #Left WingCenterRight WingPHYDFOFWanted %Time %Time Play
1Kyle ConnorMika ZibanejadMitchell Marner1224236%18:12
2Chandler StephensonPatrice BergeronNick Suzuki1223228%13:54
3Michael BuntingDylan StromeTroy Terry1222421%10:25
4Sam SteelKirby DachDaniel Sprong122216%7:55
5 vs 5 Defense
Line #DefenseDefensePHYDFOFWanted %Time %Time Play
1Cale MakarJaccob Slavin1224037%18:29
2Charlie McAvoyJosh Morrissey1224039%19:40
3Ian ColeJani Hakanpaa1222024%11:52
4Cale MakarJaccob Slavin12201%0:25
Power Play Forward
Line #Left WingCenterRight WingPHYDFOFWanted %Time %Time Play
1Kyle ConnorMika ZibanejadMitchell Marner0146555%1:46
2Chandler StephensonNick SuzukiTroy Terry0143545%1:25
Power Play Defense
Line #DefenseDefensePHYDFOFWanted %Time %Time Play
1Cale MakarJaccob Slavin1136052%1:40
2Charlie McAvoyJosh Morrissey1134048%1:31
Penalty Kill 4 Players Forward
Line #CenterWingPHYDFOFWanted %Time %Time Play
1Mika ZibanejadKyle Connor1405045%2:19
2Patrice BergeronChandler Stephenson0415055%2:48
Penalty Kill 4 Players Defense
Line #DefenseDefensePHYDFOFWanted %Time %Time Play
1Cale MakarJaccob Slavin1406036%1:51
2Charlie McAvoyJosh Morrissey1404064%3:16
Penalty Kill 3 Players
Line #WingPHYDFOFWanted %Time %Time PlayDefenseDefensePHYDFOFWanted %Time %Time Play
1Mika Zibanejad14060100%0:50 Cale MakarJaccob Slavin14060100%0:50
2Patrice Bergeron140400%0:00 Charlie McAvoyJosh Morrissey140400%0:00
4 vs 4 Forward
Line #CenterWingPHYDFOFWanted %Time %Time Play
1Mika ZibanejadKyle Connor12260100%0:26
2Patrice BergeronChandler Stephenson122400%0:00
4 vs 4 Defense
Line #DefensePHYDFOFWanted %Time %Time Play
1Cale MakarJaccob Slavin12260100%60% - 0:26
2Charlie McAvoyJosh Morrissey122400%40% - 0:00
Last Minutes Offensive
Left WingCenterRight WingDefenseDefense
Kyle ConnorMika ZibanejadMitchell MarnerCale MakarJaccob Slavin
Last Minutes Defensive
Left WingCenterRight WingDefenseDefense
Kyle ConnorMika ZibanejadMitchell MarnerCale MakarJaccob Slavin
Time
Total ForwardTotal DefenseLast Minutes OffensiveLast Minutes Defensive
60:00 60:00 0:000:00
Extra Forwards
Normal PowerPlayPenalty Kill
Chandler Stephenson, Nick Suzuki, Troy TerryChandler Stephenson, Nick SuzukiChandler Stephenson
Extra Defensemen
Normal PowerPlayPenalty Kill
Josh Morrissey, Ian Cole, Jani HakanpaaJosh Morrissey, Josh MorrisseyIan Cole
Penalty Shots
Mika Zibanejad, Mitchell Marner, Nick Suzuki, Kyle Connor, Chandler Stephenson
Goalie
Darcy Kuemper, Kevin Lankinen
Scratches
None


Play-by-Play

1st period


0:01 of 1st period - Leon Draisaitl wins face-off versus Kyle Connor in neutral zone.
0:26 of 1st period - Patrice Bergeron is hit by Nick Schmaltz and loses puck.
0:31 of 1st period - Snap shot by Nick Schmaltz.
0:31 of 1st period - Shot Blocked by Cale Makar.
0:59 of 1st period - Wrist shot by Troy Terry.
0:59 of 1st period - Shot Blocked by John Carlson.
1:56 of 1st period - Slapshot by Josh Morrissey.
1:56 of 1st period - Deflect By William Karlsson.
1:56 of 1st period - Stopped by Andrei Vasilevskiy with a rebound.
1:58 of 1st period - Slapshot by Josh Morrissey.
1:58 of 1st period - Deflect By Mario Ferraro.
1:58 of 1st period - Stopped by Andrei Vasilevskiy without a rebound.
1:59 of 1st period - William Karlsson wins face-off versus Patrice Bergeron in Sharks zone.
2:19 of 1st period - Off-side.
2:20 of 1st period - Leon Draisaitl wins face-off versus Mika Zibanejad in neutral zone.
2:31 of 1st period - John Carlson is hit by Mika Zibanejad.
2:51 of 1st period - Snap shot by Chandler Stephenson.
2:51 of 1st period - Stopped by Andrei Vasilevskiy with a rebound.
3:37 of 1st period - Slapshot by Pavel Buchnevich.
3:37 of 1st period - Stopped by Darcy Kuemper with a rebound.
4:07 of 1st period - Wrist shot by Sam Steel.
4:07 of 1st period - Stopped by Andrei Vasilevskiy with a rebound.
4:29 of 1st period - Slapshot by Josh Morrissey.
4:29 of 1st period - Stopped by Andrei Vasilevskiy without a rebound.
4:30 of 1st period - Leon Draisaitl wins face-off versus Mika Zibanejad in Sharks zone.
4:37 of 1st period - Wrist shot by Alex Ovechkin.
4:37 of 1st period - Shot Misses the Net.
4:43 of 1st period - Leon Draisaitl is hit by Jaccob Slavin.
5:28 of 1st period - Slapshot by Pavel Buchnevich.
5:28 of 1st period - Stopped by Darcy Kuemper with a rebound.
6:31 of 1st period - Backhand shot by Andrei Kuzmenko.
6:31 of 1st period - Stopped by Darcy Kuemper without a rebound.
6:32 of 1st period - Shane Pinto wins face-off versus Dylan Strome in Golden Knights zone.
6:45 of 1st period - Snap shot by Troy Terry.
6:45 of 1st period - Stopped by Andrei Vasilevskiy with a rebound.
6:47 of 1st period - Slapshot by Michael Bunting.
6:47 of 1st period - Shot Misses the Net.
6:49 of 1st period - Wrist shot by Troy Terry.
6:49 of 1st period - Shot Blocked by Jake McCabe.
7:13 of 1st period - Icing by Andrei Kuzmenko.
7:14 of 1st period - Shane Pinto wins face-off versus Mika Zibanejad in Sharks zone.
7:49 of 1st period - Snap shot by Michael Bunting.
7:49 of 1st period - Shot Hit the Post.
7:51 of 1st period - Snap shot by Dylan Strome.
7:51 of 1st period - Stopped by Andrei Vasilevskiy without a rebound.
7:52 of 1st period - Mika Zibanejad wins face-off versus Leon Draisaitl in Sharks zone.
8:32 of 1st period - Slapshot by Mitchell Marner.
8:32 of 1st period - Shot Misses the Net.
8:34 of 1st period - Slapshot by Cale Makar.
8:34 of 1st period - Stopped by Andrei Vasilevskiy with a rebound.
8:36 of 1st period - Snap shot by Mitchell Marner.
8:36 of 1st period - Stopped by Andrei Vasilevskiy with a rebound.
8:55 of 1st period - Jaccob Slavin is hit by Tomas Nosek.
9:16 of 1st period - Wrist shot by Trevor van Riemsdyk.
9:16 of 1st period - Shot Blocked by Cale Makar.
9:36 of 1st period - Trevor van Riemsdyk is hit by Jaccob Slavin and loses puck.
10:04 of 1st period - Minor Penalty to Kyle Connor for Goalie Interference.
10:05 of 1st period - Leon Draisaitl wins face-off versus Patrice Bergeron in Golden Knights zone.
10:06 of 1st period - Wrist shot by Pavel Buchnevich.
10:06 of 1st period - Stopped by Darcy Kuemper with a rebound.
10:08 of 1st period - Snap shot by Alex Pietrangelo.
10:08 of 1st period - Shot Blocked by Charlie McAvoy.
10:32 of 1st period - Patrice Bergeron is hit by Alex Ovechkin and loses puck.
10:57 of 1st period - Dylan Strome is hit by Nick Schmaltz and loses puck.
11:29 of 1st period - John Carlson is hit by Dylan Strome and loses puck.
12:04 of 1st period - Penalty to Kyle Connor is over, Kyle Connor is back on ice.
12:20 of 1st period - Jani Hakanpaa is hit by Shane Pinto and loses puck.
12:38 of 1st period - Mario Ferraro is hit by Jani Hakanpaa and loses puck.
13:01 of 1st period - Ivan Provorov is hit by Charlie McAvoy and loses puck.
14:36 of 1st period - Josh Morrissey is hit by Jean-Gabriel Pageau and loses puck.
15:35 of 1st period - Kyle Connor is hit by Tomas Nosek and loses puck.
15:50 of 1st period - Wrist shot by Shane Pinto.
15:50 of 1st period - Stopped by Darcy Kuemper with a rebound.
16:15 of 1st period - Slapshot by Patrice Bergeron.
16:15 of 1st period - Deflect By Chandler Stephenson.
16:15 of 1st period - Stopped by Andrei Vasilevskiy with a rebound.
16:34 of 1st period - Tomas Nosek is hit by Ian Cole and loses puck.
16:43 of 1st period - Snap shot by Jean-Gabriel Pageau.
16:43 of 1st period - Shot Misses the Net.
16:59 of 1st period - Slapshot by Daniel Sprong.
16:59 of 1st period - Shot Misses the Net.
17:01 of 1st period - Slapshot by Jani Hakanpaa.
17:01 of 1st period - Stopped by Andrei Vasilevskiy without a rebound.
17:02 of 1st period - Leon Draisaitl wins face-off versus Patrice Bergeron in Sharks zone.
17:02 of 1st period - Leon Draisaitl is hit by Chandler Stephenson.
17:29 of 1st period - Dylan Strome is hit by Nick Schmaltz and loses puck.
18:08 of 1st period - Slapshot by Leon Draisaitl.
18:08 of 1st period - Stopped by Darcy Kuemper without a rebound.
18:09 of 1st period - Patrice Bergeron wins face-off versus Leon Draisaitl in Golden Knights zone.
18:16 of 1st period - Wrist shot by Patrice Bergeron.
18:16 of 1st period - Stopped by Andrei Vasilevskiy with a rebound.
18:18 of 1st period - Snap shot by Patrice Bergeron.
18:18 of 1st period - Deflect By Chandler Stephenson.
18:18 of 1st period - Stopped by Andrei Vasilevskiy with a rebound.
18:20 of 1st period - Wrist shot by Nick Suzuki.
18:20 of 1st period - Stopped by Andrei Vasilevskiy with a rebound.
18:22 of 1st period - Slapshot by Jaccob Slavin.
18:22 of 1st period - Deflect By Chandler Stephenson.
18:22 of 1st period - Stopped by Andrei Vasilevskiy with a rebound.
18:24 of 1st period - Snap shot by Nick Suzuki.
18:24 of 1st period - Shot Misses the Net.
18:26 of 1st period - Snap shot by Chandler Stephenson.
18:26 of 1st period - Stopped by Andrei Vasilevskiy with a rebound.
18:49 of 1st period - Wrist shot by Troy Terry.
18:49 of 1st period - Stopped by Andrei Vasilevskiy without a rebound.
18:50 of 1st period - William Karlsson wins face-off versus Patrice Bergeron in Sharks zone.
19:12 of 1st period - Jani Hakanpaa is hit by Pavel Buchnevich and loses puck.
19:29 of 1st period - Wrist shot by Patrice Bergeron.
19:29 of 1st period - Stopped by Andrei Vasilevskiy with a rebound.
19:31 of 1st period - Snap shot by Jani Hakanpaa.
19:31 of 1st period - Stopped by Andrei Vasilevskiy with a rebound.
19:33 of 1st period - Slapshot by Chandler Stephenson.
19:33 of 1st period - Shot Misses the Net.
19:35 of 1st period - Backhand shot by Patrice Bergeron.
19:35 of 1st period - Goal by Patrice Bergeron - Sharks : 0 - Golden Knights : 1.
19:36 of 1st period - Leon Draisaitl wins face-off versus Mika Zibanejad in neutral zone.
19:47 of 1st period - Snap shot by Leon Draisaitl.
19:47 of 1st period - Stopped by Darcy Kuemper without a rebound.
19:48 of 1st period - Leon Draisaitl wins face-off versus Mika Zibanejad in Golden Knights zone.
Goals for this period are 0 for Sharks vs 1 for Golden Knights.
Shots for this period are 7 for Sharks vs 20 for Golden Knights.

2nd period


0:01 of 2nd period - Mika Zibanejad wins face-off versus Leon Draisaitl in neutral zone.
0:30 of 2nd period - Pavel Buchnevich is hit by Nick Suzuki and loses puck.
0:41 of 2nd period - Wrist shot by Patrice Bergeron.
0:41 of 2nd period - Stopped by Andrei Vasilevskiy with a rebound.
1:16 of 2nd period - Leon Draisaitl is hit by Daniel Sprong and loses puck.
2:16 of 2nd period - Slapshot by Dylan Strome.
2:16 of 2nd period - Shot Blocked by Trevor van Riemsdyk.
2:18 of 2nd period - Slapshot by Dylan Strome.
2:18 of 2nd period - Stopped by Andrei Vasilevskiy without a rebound.
2:19 of 2nd period - Dylan Strome wins face-off versus Leon Draisaitl in Sharks zone.
2:46 of 2nd period - Pavel Buchnevich is hit by Mika Zibanejad and loses puck.
3:48 of 2nd period - Nick Schmaltz is hit by Cale Makar and loses puck.
4:58 of 2nd period - Snap shot by Leon Draisaitl.
4:58 of 2nd period - Stopped by Darcy Kuemper without a rebound.
4:59 of 2nd period - Mika Zibanejad wins face-off versus Alex Ovechkin in Golden Knights zone.
5:24 of 2nd period - Snap shot by Alex Ovechkin.
5:24 of 2nd period - Shot Misses the Net.
5:26 of 2nd period - Snap shot by John Carlson.
5:26 of 2nd period - Stopped by Darcy Kuemper with a rebound.
5:28 of 2nd period - Wrist shot by Trevor van Riemsdyk.
5:28 of 2nd period - Shot Blocked by Josh Morrissey.
5:30 of 2nd period - Slapshot by Colton Sissons.
5:30 of 2nd period - Shot Blocked by Josh Morrissey.
5:32 of 2nd period - Wrist shot by Leon Draisaitl.
5:32 of 2nd period - Shot Misses the Net.
5:34 of 2nd period - Snap shot by Colton Sissons.
5:34 of 2nd period - Stopped by Darcy Kuemper with a rebound.
5:36 of 2nd period - Slapshot by Trevor van Riemsdyk.
5:36 of 2nd period - Stopped by Darcy Kuemper with a rebound.
5:38 of 2nd period - Snap shot by Colton Sissons.
5:38 of 2nd period - Shot Blocked by Mika Zibanejad.
5:50 of 2nd period - Snap shot by Mitchell Marner.
5:50 of 2nd period - Stopped by Andrei Vasilevskiy with a rebound.
5:52 of 2nd period - Wrist shot by Josh Morrissey.
5:52 of 2nd period - Stopped by Andrei Vasilevskiy without a rebound.
5:53 of 2nd period - Patrice Bergeron wins face-off versus William Karlsson in Sharks zone.
6:02 of 2nd period - Snap shot by Patrice Bergeron.
6:02 of 2nd period - Stopped by Andrei Vasilevskiy with a rebound.
6:04 of 2nd period - Snap shot by Chandler Stephenson.
6:04 of 2nd period - Goal by Chandler Stephenson - Sharks : 0 - Golden Knights : 2.
6:05 of 2nd period - Patrice Bergeron wins face-off versus Pavel Buchnevich in neutral zone.
6:44 of 2nd period - Kyle Connor is hit by Colton Sissons and loses puck.
7:48 of 2nd period - Michael Bunting is hit by John Carlson and loses puck.
8:17 of 2nd period - Wrist shot by Andrei Kuzmenko.
8:17 of 2nd period - Deflect By Shane Pinto.
8:17 of 2nd period - Shot Misses the Net.
8:17 of 2nd period - Puck is out of play.
8:18 of 2nd period - Leon Draisaitl wins face-off versus Mika Zibanejad in Golden Knights zone.
8:31 of 2nd period - Wrist shot by Mitchell Marner.
8:31 of 2nd period - Stopped by Andrei Vasilevskiy with a rebound.
8:55 of 2nd period - Slapshot by Jaccob Slavin.
8:55 of 2nd period - Stopped by Andrei Vasilevskiy without a rebound.
8:56 of 2nd period - Patrice Bergeron wins face-off versus William Karlsson in Sharks zone.
9:45 of 2nd period - Wrist shot by Tomas Nosek.
9:45 of 2nd period - Shot Misses the Net.
10:22 of 2nd period - Wrist shot by Nick Schmaltz.
10:22 of 2nd period - Stopped by Darcy Kuemper with a rebound.
10:30 of 2nd period - Wrist shot by William Karlsson.
10:30 of 2nd period - Shot Misses the Net.
10:40 of 2nd period - Snap shot by Leon Draisaitl.
10:40 of 2nd period - Shot Misses the Net.
10:42 of 2nd period - Wrist shot by Alex Ovechkin.
10:42 of 2nd period - Shot Misses the Net.
11:22 of 2nd period - Slapshot by Kirby Dach.
11:22 of 2nd period - Shot Misses the Net.
11:30 of 2nd period - Kirby Dach is hit by William Karlsson and loses puck.
11:47 of 2nd period - Ivan Provorov is hit by Mitchell Marner.
13:25 of 2nd period - Wrist shot by Trevor Lewis.
13:25 of 2nd period - Stopped by Darcy Kuemper with a rebound.
13:27 of 2nd period - Backhand shot by Trevor Lewis.
13:27 of 2nd period - Stopped by Darcy Kuemper without a rebound.
13:28 of 2nd period - Leon Draisaitl wins face-off versus Mika Zibanejad in Golden Knights zone.
13:33 of 2nd period - Slapshot by Alex Ovechkin.
13:33 of 2nd period - Shot Misses the Net.
13:35 of 2nd period - Wrist shot by Colton Sissons.
13:35 of 2nd period - Shot Blocked by Charlie McAvoy.
13:37 of 2nd period - Snap shot by Leon Draisaitl.
13:37 of 2nd period - Shot Blocked by Mitchell Marner.
13:48 of 2nd period - Icing by Alex Ovechkin.
13:49 of 2nd period - Leon Draisaitl wins face-off versus Patrice Bergeron in Sharks zone.
14:02 of 2nd period - Wrist shot by Leon Draisaitl.
14:02 of 2nd period - Deflect By Alex Ovechkin.
14:02 of 2nd period - Stopped by Darcy Kuemper with a rebound.
14:04 of 2nd period - Slapshot by Ivan Provorov.
14:04 of 2nd period - Stopped by Darcy Kuemper with a rebound.
14:10 of 2nd period - Slapshot by Alex Ovechkin.
14:10 of 2nd period - Shot Blocked by Nick Suzuki.
14:12 of 2nd period - Wrist shot by Alex Ovechkin.
14:12 of 2nd period - Shot Misses the Net.
14:14 of 2nd period - Slapshot by Ivan Provorov.
14:14 of 2nd period - Shot Blocked by Jaccob Slavin.
14:16 of 2nd period - Slapshot by Ivan Provorov.
14:16 of 2nd period - Deflect By Leon Draisaitl.
14:16 of 2nd period - Shot Misses the Net.
14:16 of 2nd period - Puck is out of play.
14:17 of 2nd period - William Karlsson wins face-off versus Mika Zibanejad in Golden Knights zone.
14:40 of 2nd period - Nick Schmaltz is hit by Josh Morrissey and loses puck.
15:32 of 2nd period - Wrist shot by Mitchell Marner.
15:32 of 2nd period - Stopped by Andrei Vasilevskiy with a rebound.
15:34 of 2nd period - Slapshot by Charlie McAvoy.
15:34 of 2nd period - Stopped by Andrei Vasilevskiy without a rebound.
15:35 of 2nd period - Leon Draisaitl wins face-off versus Patrice Bergeron in Sharks zone.
15:40 of 2nd period - Backhand shot by Ivan Provorov.
15:40 of 2nd period - Shot Misses the Net.
15:42 of 2nd period - Snap shot by Leon Draisaitl.
15:42 of 2nd period - Shot Misses the Net.
15:44 of 2nd period - Snap shot by Leon Draisaitl.
15:44 of 2nd period - Stopped by Darcy Kuemper without a rebound.
15:45 of 2nd period - Patrice Bergeron wins face-off versus Leon Draisaitl in Golden Knights zone.
15:58 of 2nd period - Wrist shot by Leon Draisaitl.
15:58 of 2nd period - Stopped by Darcy Kuemper with a rebound.
16:00 of 2nd period - Snap shot by Colton Sissons.
16:00 of 2nd period - Deflect By Alex Ovechkin.
16:00 of 2nd period - Stopped by Darcy Kuemper without a rebound.
16:01 of 2nd period - Jean-Gabriel Pageau wins face-off versus Dylan Strome in Golden Knights zone.
16:08 of 2nd period - Snap shot by Jean-Gabriel Pageau.
16:08 of 2nd period - Shot Blocked by Cale Makar.
16:10 of 2nd period - Snap shot by Jean-Gabriel Pageau.
16:10 of 2nd period - Shot Misses the Net.
16:12 of 2nd period - Wrist shot by Trevor Lewis.
16:12 of 2nd period - Stopped by Darcy Kuemper with a rebound.
16:14 of 2nd period - Slapshot by Ivan Provorov.
16:14 of 2nd period - Deflect By Troy Terry.
16:14 of 2nd period - Stopped by Darcy Kuemper with a rebound.
16:16 of 2nd period - Wrist shot by Trevor Lewis.
16:16 of 2nd period - Shot Misses the Net.
16:18 of 2nd period - Snap shot by Jean-Gabriel Pageau.
16:18 of 2nd period - Stopped by Darcy Kuemper without a rebound.
16:19 of 2nd period - Patrice Bergeron wins face-off versus Leon Draisaitl in Golden Knights zone.
16:26 of 2nd period - Alex Ovechkin is hit by Nick Suzuki.
17:38 of 2nd period - Colton Sissons is hit by Patrice Bergeron and loses puck.
18:18 of 2nd period - Off-side.
18:19 of 2nd period - Jean-Gabriel Pageau wins face-off versus Mika Zibanejad in neutral zone.
18:24 of 2nd period - Slapshot by Ivan Provorov.
18:24 of 2nd period - Deflect By Jean-Gabriel Pageau.
18:24 of 2nd period - Shot Misses the Net.
18:24 of 2nd period - Puck is out of play.
18:25 of 2nd period - Mika Zibanejad wins face-off versus Leon Draisaitl in Golden Knights zone.
18:39 of 2nd period - Slapshot by Ivan Provorov.
18:39 of 2nd period - Deflect By Alex Ovechkin.
18:39 of 2nd period - Stopped by Darcy Kuemper with a rebound.
18:41 of 2nd period - Wrist shot by Alex Ovechkin.
18:41 of 2nd period - Shot Misses the Net.
19:08 of 2nd period - Minor Penalty to Chandler Stephenson for Holding.
19:09 of 2nd period - Leon Draisaitl wins face-off versus Mika Zibanejad in Golden Knights zone.
19:35 of 2nd period - Cale Makar is hit by Jean-Gabriel Pageau.
19:54 of 2nd period - Josh Morrissey is hit by Leon Draisaitl and loses puck.
Goals for this period are 0 for Sharks vs 1 for Golden Knights.
Shots for this period are 16 for Sharks vs 10 for Golden Knights.

3rd period


0:01 of 3rd period - Mika Zibanejad wins face-off versus Leon Draisaitl in neutral zone.
0:08 of 3rd period - Snap shot by Mika Zibanejad.
0:08 of 3rd period - Shot Misses the Net.
1:08 of 3rd period - Penalty to Chandler Stephenson is over, Chandler Stephenson is back on ice.
1:51 of 3rd period - Wrist shot by Kyle Connor.
1:51 of 3rd period - Shot Hit the Post.
2:13 of 3rd period - Snap shot by Kyle Connor.
2:13 of 3rd period - Shot Misses the Net.
2:15 of 3rd period - Slapshot by Charlie McAvoy.
2:15 of 3rd period - Shot Blocked by Mario Ferraro.
2:17 of 3rd period - Wrist shot by Chandler Stephenson.
2:17 of 3rd period - Stopped by Andrei Vasilevskiy without a rebound.
2:18 of 3rd period - Dylan Strome wins face-off versus Leon Draisaitl in Sharks zone.
2:39 of 3rd period - Jaccob Slavin is hit by Leon Draisaitl and loses puck.
3:38 of 3rd period - Wrist shot by Pavel Buchnevich.
3:38 of 3rd period - Goal by Pavel Buchnevich - Sharks : 1 - Golden Knights : 2.
3:39 of 3rd period - Leon Draisaitl wins face-off versus Patrice Bergeron in neutral zone.
3:48 of 3rd period - Wrist shot by Leon Draisaitl.
3:48 of 3rd period - Stopped by Darcy Kuemper without a rebound.
3:49 of 3rd period - Leon Draisaitl wins face-off versus Patrice Bergeron in Golden Knights zone.
3:54 of 3rd period - Wrist shot by Leon Draisaitl.
3:54 of 3rd period - Stopped by Darcy Kuemper with a rebound.
4:30 of 3rd period - Wrist shot by Chandler Stephenson.
4:30 of 3rd period - Deflect By Alex Ovechkin.
4:30 of 3rd period - Shot Blocked by Ivan Provorov.
4:30 of 3rd period - Puck is out of play.
4:31 of 3rd period - Mika Zibanejad wins face-off versus William Karlsson in Sharks zone.
4:42 of 3rd period - Nick Schmaltz is hit by Mika Zibanejad and loses puck.
5:51 of 3rd period - Wrist shot by Alex Ovechkin.
5:51 of 3rd period - Goal by Alex Ovechkin - Sharks : 2 - Golden Knights : 2.
5:52 of 3rd period - Colton Sissons wins face-off versus Mika Zibanejad in neutral zone.
6:09 of 3rd period - Backhand shot by Alex Ovechkin.
6:09 of 3rd period - Shot Blocked by Jaccob Slavin.
7:12 of 3rd period - Wrist shot by Sam Steel.
7:12 of 3rd period - Shot Misses the Net.
7:36 of 3rd period - Snap shot by Leon Draisaitl.
7:36 of 3rd period - Shot Blocked by Jani Hakanpaa.
7:54 of 3rd period - Snap shot by Daniel Sprong.
7:54 of 3rd period - Stopped by Andrei Vasilevskiy without a rebound.
7:55 of 3rd period - William Karlsson wins face-off versus Mika Zibanejad in Sharks zone.
8:27 of 3rd period - Charlie McAvoy is hit by Trevor van Riemsdyk and loses puck.
8:32 of 3rd period - Snap shot by Leon Draisaitl.
8:32 of 3rd period - Shot Misses the Net.
9:08 of 3rd period - Minor Penalty to Tomas Nosek for High sticking.
9:09 of 3rd period - Mika Zibanejad wins face-off versus William Karlsson in Sharks zone.
10:14 of 3rd period - Snap shot by Trevor van Riemsdyk.
10:14 of 3rd period - Stopped by Darcy Kuemper with a rebound.
10:16 of 3rd period - Slapshot by Trevor van Riemsdyk.
10:16 of 3rd period - Deflect By Chandler Stephenson.
10:16 of 3rd period - Goal by Trevor van Riemsdyk - Sharks : 3 - Golden Knights : 2.
10:17 of 3rd period - William Karlsson wins face-off versus Mika Zibanejad in neutral zone.
10:22 of 3rd period - Snap shot by William Karlsson.
10:22 of 3rd period - Stopped by Darcy Kuemper with a rebound.
11:08 of 3rd period - Penalty to Tomas Nosek is over, Tomas Nosek is back on ice.
11:10 of 3rd period - Jean-Gabriel Pageau is hit by Charlie McAvoy and loses puck.
11:45 of 3rd period - Wrist shot by Wyatt Johnston.
11:45 of 3rd period - Goal by Wyatt Johnston - Sharks : 4 - Golden Knights : 2.
11:46 of 3rd period - Mitchell Marner wins face-off versus Leon Draisaitl in neutral zone.
12:12 of 3rd period - Pavel Buchnevich is hit by Chandler Stephenson and loses puck.
13:47 of 3rd period - Snap shot by Pavel Buchnevich.
13:47 of 3rd period - Shot Blocked by Cale Makar.
13:49 of 3rd period - Slapshot by Alex Pietrangelo.
13:49 of 3rd period - Stopped by Darcy Kuemper without a rebound.
13:50 of 3rd period - Patrice Bergeron wins face-off versus William Karlsson in Golden Knights zone.
13:50 of 3rd period - Patrice Bergeron is hit by John Carlson.
13:58 of 3rd period - Wrist shot by Cale Makar.
13:58 of 3rd period - Stopped by Andrei Vasilevskiy with a rebound.
14:00 of 3rd period - Wrist shot by Patrice Bergeron.
14:00 of 3rd period - Shot Hit the Post.
14:06 of 3rd period - Slapshot by Nick Suzuki.
14:06 of 3rd period - Deflect By Patrice Bergeron.
14:06 of 3rd period - Shot Misses the Net.
14:06 of 3rd period - Puck is out of play.
14:07 of 3rd period - Mika Zibanejad wins face-off versus Leon Draisaitl in Sharks zone.
14:11 of 3rd period - Minor Penalty to Colton Sissons for Roughing.
14:12 of 3rd period - William Karlsson wins face-off versus Mika Zibanejad in Sharks zone.
14:28 of 3rd period - Wrist shot by Jean-Gabriel Pageau.
14:28 of 3rd period - Stopped by Darcy Kuemper with a rebound.
14:38 of 3rd period - Trevor van Riemsdyk is hit by Troy Terry and loses puck.
14:51 of 3rd period - Snap shot by Nick Suzuki.
14:51 of 3rd period - Stopped by Andrei Vasilevskiy without a rebound.
14:52 of 3rd period - Mika Zibanejad wins face-off versus Jean-Gabriel Pageau in Sharks zone.
15:23 of 3rd period - Minor Penalty to Cale Makar for Holding.
15:24 of 3rd period - Leon Draisaitl wins face-off versus Mika Zibanejad in Golden Knights zone.
15:43 of 3rd period - Leon Draisaitl is hit by Mika Zibanejad and loses puck.
15:49 of 3rd period - Minor Penalty to Kyle Connor for Roughing.
15:50 of 3rd period - Mika Zibanejad wins face-off versus Leon Draisaitl in Golden Knights zone.
15:57 of 3rd period - Off-side.
15:58 of 3rd period - Alex Ovechkin wins face-off versus Mika Zibanejad in neutral zone.
16:11 of 3rd period - Penalty to Colton Sissons is over, Colton Sissons is back on ice.
16:11 of 3rd period - Wrist shot by Alex Ovechkin.
16:11 of 3rd period - Deflect By Leon Draisaitl.
16:11 of 3rd period - Stopped by Darcy Kuemper with a rebound.
16:37 of 3rd period - Wrist shot by Nick Schmaltz.
16:37 of 3rd period - Shot Misses the Net.
16:39 of 3rd period - Slapshot by Jean-Gabriel Pageau.
16:39 of 3rd period - Goal by Jean-Gabriel Pageau - Sharks : 5 - Golden Knights : 2.
16:40 of 3rd period - Mika Zibanejad wins face-off versus Leon Draisaitl in neutral zone.
17:10 of 3rd period - Off-side.
17:11 of 3rd period - Mika Zibanejad wins face-off versus Jean-Gabriel Pageau in neutral zone.
17:20 of 3rd period - Chandler Stephenson is hit by Jake McCabe and loses puck.
17:49 of 3rd period - Penalty to Kyle Connor is over, Kyle Connor is back on ice.
18:03 of 3rd period - Wrist shot by Dylan Strome.
18:03 of 3rd period - Shot Misses the Net.
18:22 of 3rd period - Off-side.
18:23 of 3rd period - Leon Draisaitl wins face-off versus Kirby Dach in neutral zone.
18:37 of 3rd period - Snap shot by Kirby Dach.
18:37 of 3rd period - Stopped by Andrei Vasilevskiy with a rebound.
18:39 of 3rd period - Slapshot by Sam Steel.
18:39 of 3rd period - Stopped by Andrei Vasilevskiy with a rebound.
19:06 of 3rd period - Off-side.
19:07 of 3rd period - Patrice Bergeron wins face-off versus Jean-Gabriel Pageau in neutral zone.
19:11 of 3rd period - Off-side.
19:12 of 3rd period - Chandler Stephenson wins face-off versus Leon Draisaitl in neutral zone.
19:15 of 3rd period - Snap shot by Jaccob Slavin.
19:15 of 3rd period - Stopped by Andrei Vasilevskiy with a rebound.
19:53 of 3rd period - Slapshot by Mitchell Marner.
19:53 of 3rd period - Stopped by Andrei Vasilevskiy with a rebound.
Goals for this period are 5 for Sharks vs 0 for Golden Knights.
Shots for this period are 12 for Sharks vs 8 for Golden Knights.